 Dungeon Crawl Stone Soup version 0.27-a0-836-gfc908b8576 (webtiles) character file.

Game seed: 5444590967683707829

239 frogmouthbird the Cleaver (level 6, 0/51 HPs)
             Began as a Hill Orc Fighter on Apr 1, 2021.
             Was an Initiate of Okawaru.
             Slain by a black bear (2 damage)
             ... on level 4 of the Dungeon.
             The game lasted 00:03:38 (3160 turns).

frogmouthbird the Cleaver (Hill Orc Fighter)        Turns: 3160, Time: 00:03:38

Health: 0/51       AC:  8    Str: 20    XL:     6   Next: 7%
Magic:  6/6        EV:  7    Int:  9    God:    Okawaru [......]
Gold:   136        SH:  9    Dex: 10    Spells: 5/5 levels left

rFire    . . .     SeeInvis .   a - +0 war axe
rCold    . . .     Faith    .   c - +0 kite shield
rNeg     . . .     Spirit   .   b - +0 scale mail
rPois    .         Reflect  .   (no helmet)
rElec    .         Harm     .   (no cloak)
rCorr    .         Rampage  .   (no gloves)
Will     .....                  i - +0 pair of boots
Stlth    ..........             (no amulet)
HPRegen  0.17/turn              (no ring)
MPRegen  0.10/turn              (no ring)

@: no status effects
A: no striking features
a: Renounce Religion


You were on level 4 of the Dungeon.
You worshipped Okawaru.
Okawaru was noncommittal.
You visited 1 branch of the dungeon, and saw 4 of its levels.

You collected 136 gold pieces.

Inventory:

Hand Weapons
 a - a +0 war axe (weapon)
Missiles
 j - 27 poisoned darts (quivered)
Armour
 b - a +0 scale mail (worn)
 c - a +0 kite shield (worn)
 i - a +0 pair of boots (worn)
Scrolls
 h - 2 scrolls of identify {unknown}
 k - a scroll of magic mapping {unknown}
 l - a scroll of enchant armour {unknown}
 m - a scroll of noise {unknown}
Potions
 d - 2 potions of might
 e - 2 potions of haste {unknown}
 f - a potion of attraction {unknown}
 g - 3 potions of ambrosia {unknown}


   Skills:
 - Level 3.6 Fighting
 * Level 8.1 Axes
 - Level 3.2 Armour
 - Level 3.2 Shields


You had 5 spell levels left.
You didn't know any spells.
Your spell library was empty.

Dungeon Overview and Level Annotations

Branches:
Dungeon (4/15)
 Temple: D:4-7

Altars:
Cheibriados
Dithmenos
Fedhas
Hepliaklqana
Makhleb
Okawaru
Qazlal
Uskayaw
Yredelemnul


Message History

The black bear bites you!
The black bear claws you but does no damage.
You block the black bear's attack. The black bear bites you.
The black bear claws you but does no damage.
The black bear barely misses you.
You are too injured to fight recklessly!
Unknown command.
You are too injured to fight recklessly!
Unknown command.
You are too injured to fight recklessly!
Unknown command.
You are too injured to fight recklessly!
You closely miss the black bear.
The black bear is severely wounded.
The black bear barely misses you. You block the black bear's attack.
The black bear claws you.
The black bear bites you but does no damage.
The black bear claws you but does no damage.
You block the black bear's attack.
You hit the black bear but do no damage.
The black bear is severely wounded.
You block the black bear's attack. x2; The black bear closely misses you.
The black bear bites you.
* * * LOW HITPOINT WARNING * * *
The black bear claws you but does no damage. x2
You barely miss the black bear.
The black bear is almost dead.
The black bear looks more healthy.
The black bear bites you.
* * * LOW HITPOINT WARNING * * *
The black bear completely misses you.
The black bear claws you but does no damage.
You block the black bear's attack. The black bear barely misses you. x2
You hit the black bear.
The black bear is almost dead.
The black bear bites you!
* * * LOW HITPOINT WARNING * * *
You block the black bear's attack. The black bear claws you.
* * * LOW HITPOINT WARNING * * *
The black bear barely misses you. The black bear claws you.
You die...

#.####.###.#..........
#..###.####.#
#.#.##....###
#........#.# #.......#.#
#####.##.#.# ###.##(##.#
#.##.#.# #.......#
#......# ###...#####
##.....# #......>.
...#.....#######...####.
.......@h.(#............
.............(..........
............#..(.........
....###.##.####.......##.
##.# #.# .# #.#...)....
.. #. .# #.#...#.### ..
.# #.#...#)# ## .#
#.....).# ####.####


You could see a black bear (berserk).

Vanquished Creatures
  A kobold brigand (D:3)
  An orc priest (D:4)
  4 adders
  An ufetubus (D:4)
  A worm (D:4)
  2 dart slugs
  9 orcs
  7 bats
  2 endoplasms
  A giant cockroach (D:1)
  16 hobgoblins
  7 jackals (D:1)
  2 quokkas
  5 ball pythons
  2 frilled lizards
  10 goblins
  7 kobolds
  3 rats (D:1)
81 creatures vanquished.

Vanquished Creatures (others)
  A plant (D:2)
1 creature vanquished.

Grand Total: 82 creatures vanquished

Notes
Turn   | Place    | Note
-------+----------+-------------------------------------------
     0 | D:1      | frogmouthbird the Hill Orc Fighter began the quest for the
                  | Orb.
     0 | D:1      | Reached XP level 1. HP: 19/19 MP: 1/1
    61 | D:1      | Reached skill level 3 in Axes
    95 | D:1      | Reached XP level 2. HP: 24/26 MP: 2/2
   248 | D:1      | Reached skill level 4 in Axes
   517 | D:1      | Reached XP level 3. HP: 30/31 MP: 3/3
   852 | D:2      | Reached skill level 5 in Axes
   941 | D:2      | You fall into a shaft and drop 2 floors!
  1087 | D:4      | Reached skill level 6 in Axes
  1087 | D:4      | Reached XP level 4. HP: 12/39 MP: 4/4
  1421 | D:4      | Noticed a black bear
  1654 | D:3      | Found a burning altar of Makhleb.
  1665 | D:3      | Found a burning altar of Makhleb.
  1717 | D:3      | Found a hide-covered altar of Uskayaw.
  1717 | D:3      | Noticed a kobold brigand
  1733 | D:3      | Killed a kobold brigand
  1734 | D:3      | Reached skill level 7 in Axes
  1734 | D:3      | Reached XP level 5. HP: 27/45 MP: 5/5
  2059 | D:3      | Found an iron altar of Okawaru.
  2069 | D:3      | Became a worshipper of Warmaster Okawaru
  2357 | D:2      | Found a shadowy altar of Dithmenos.
  2359 | D:2      | Noticed a shadow
  2362 | D:2      | Found a hazy altar of Hepliaklqana.
  2658 | D:2      | Found a snail-covered altar of Cheibriados.
  2658 | D:2      | Found a blossoming altar of Fedhas.
  2659 | D:2      | Found a basalt altar of Yredelemnul.
  2662 | D:2      | Reached skill level 8 in Axes
  2662 | D:2      | Reached XP level 6. HP: 51/51 MP: 6/6
  2886 | D:2      | Found a stormy altar of Qazlal.
  3160 | D:4      | HP: 2/51 [black bear (5)]
  3160 | D:4      | Slain by a black bear

Illustrated notes

Levels and vault maps discovered:
D:1:      dpeg_arrival_shelter, layout_loops_ring
D:2:      wander_river, layout_loops_corners,
          riverfiend_overflow_shadow_ancestor,
          gammafunk_temple_overflow_forgotten, nicolae_overflow_hidden_temple,
          minmay_misc_feat_secret_circle, guppyfry_early_orc_mine
D:3:      layout_rooms, nicolae_uskayaw_dance_studio, okawaru_ov_weapons_minmay,
          overflow_temple_1_default, bloody_makhleb
D:4:      layout_loops_cross, temple_hall, uniq_crazy_yiuf_cottage

Skill      XL: |  1  2  3  4  5 |
---------------+----------------+-----
Axes           | 3 4 6 7 8 |  8.1
Fighting       | |  3.6
Armour         | |  3.2
Shields        | |  3.2

Action                   |  1- 3 |  4- 6 || total
-------------------------+-------+-------++-------
Melee: War axe           |    89 |   151 ||   240
Throw: Dart              |       |     3 ||     3
Armor: Scale mail        |    46 |    74 ||   120
Dodge: Dodged            |    34 |    44 ||    78
Block: Kite shield       |    50 |    97 ||   147

Table legend: (Time is in decaauts)
 A = Elapsed time spent in this place.
 B = Non-inter-level travel time spent in this place.
 C = Inter-level travel time spent in this place.
 D = Time resting spent in this place.
 E = Time spent auto-exploring this place.
 F = Levels seen in this place.
 G = Mean time per level.
                   A        B        C        D        E       F      G
               +--------+--------+--------+--------+--------+-----+--------+
         Total |   3282 |   3211 |     71 |    381 |   2277 |   4 |  820.5 |
       Dungeon |   3282 |   3211 |     71 |    381 |   2277 |   4 |  820.5 |
               +--------+--------+--------+--------+--------+-----+--------+

Top non-repeatable levels by time:
     D:2: 900 daAuts
     D:1: 873 daAuts
     D:3: 781 daAuts
     D:4: 728 daAuts
